AoeStats
← TuMaY

Fortress

508329962Analyzed
4v4 RM · 12d ago on Sep 22, 2026· 47m 44s· 8 players
Game mode
Random Map
Map size
Huge
Population
200
Speed
Normal
Resources
Standard
Victory
Conquest
Starting age
Dark Age
Ending age
Imperial Age
RankedLock teamsTeams togetherTeam positionsShared explorationLock speedFull tech treeHidden civsTurbo modeCheats
Victory
Defeat
🇦🇷 Franks · Argentina
1586
+7
🇦🇷 Italians · Argentina
1453
+12
🇦🇷 Burgundians · Argentina
1438
+13
🇦🇷 Tatars · Argentina
1139
+25
🇵🇪 Italians · Peru
1483
-19
🇦🇷 Portuguese · Argentina
1423
-17
🇵🇪 Franks · Peru
1339
-13
🇵🇪 Chinese · Peru
1202
-8
Cazador
0:27 Loom
7:35 Feudal Age
12:10 Castle Age
11:33 Double-Bit Axe
13:58 Bow Saw
21:00 Gold Mining
24:36 Imperial Age
23:12 Scale Barding Armor
24:07 Wheelbarrow
23:48 Forging
25:22 Chain Barding Armor
25:00 Cavalier
26:32 Iron Casting
27:03 Plate Barding Armor
26:24 Town Watch
28:49 Blast Furnace
29:12 Conscription
28:53 Chivalry
29:24 Paladin
33:24 Gold Shaft Mining
34:50 Hand Cart
34:36 Town Patrol
35:30 Caravan
36:26 Husbandry
35:47 Light Cavalry
41:29 #83
Magicnet
0:54 Loom
10:31 Feudal Age
11:41 Feudal Age
14:51 Double-Bit Axe
17:26 Castle Age
16:22 Fletching
16:33 Padded Archer Armor
20:42 Imperial Age
19:58 Bodkin Arrow
21:26 Leather Archer Armor
24:43 Horse Collar
25:37 Bracer
27:28 Conscription
27:04 Gold Mining
27:15 Heavy Plow
27:45 Bow Saw
29:47 Ballistics
30:28 Chemistry
30:28 Scale Mail Armor
30:58 Ring Archer Armor
30:20 Elite Fire Lancer
31:16 Stone Mining
31:52 Scale Mail Armor
33:34 Forging
34:25 Chain Mail Armor
34:46 Iron Casting
34:46 Fortified Wall
34:16 Elite Chu Ko Nu
36:10 Ring Archer Armor
35:26 Capped Ram
36:57 Plate Mail Armor
40:32 Blast Furnace
41:58 Siege Ram
TuMaY
6:52 Feudal Age
10:46 Castle Age
9:11 Double-Bit Axe
13:14 Horse Collar
14:41 Loom
17:06 Fletching
22:16 Bow Saw
22:37 Ballistics
25:41 Padded Archer Armor
25:37 Bodkin Arrow
27:45 Silk Road
28:03 Leather Archer Armor
33:03 Imperial Age
31:12 Murder Holes
33:14 Masonry
33:15 Fortified Wall
34:10 Caravan
35:19 Chemistry
34:21 Bracer
34:52 Ring Archer Armor
34:52 Conscription
36:05 Hoardings
36:44 Architecture
36:24 Elite Genoese Crossbowman
42:34 Wheelbarrow
Tupac_Amaru
8:01 Feudal Age
11:37 Castle Age
10:03 Double-Bit Axe
11:40 Horse Collar
15:35 Town Watch
17:15 Heavy Plow
19:16 Wheelbarrow
20:48 Loom
21:46 Hand Cart
26:19 Imperial Age
24:17 Padded Archer Armor
24:37 Bow Saw
25:45 Leather Archer Armor
25:59 Fletching
26:41 Ballistics
28:09 Chemistry
27:38 Bodkin Arrow
27:36 Crossbowman
28:23 Thumb Ring
28:20 Bracer
29:07 Ring Archer Armor
28:44 Arbalester
33:46 Conscription
LVA - Gleich
6:38 Feudal Age
10:57 Castle Age
8:44 Double-Bit Axe
13:11 Bow Saw
13:03 Horse Collar
18:53 Wheelbarrow
20:39 Gold Mining
20:42 Stone Mining
21:30 Hand Cart
22:46 Town Watch
26:07 Imperial Age
23:31 Fletching
23:41 Padded Archer Armor
24:15 Bodkin Arrow
25:24 Stone Shaft Mining
25:09 Leather Archer Armor
27:13 Conscription
26:58 Bracer
27:28 Ring Archer Armor
27:56 Onager
30:55 Ballistics
31:36 Chemistry
30:17 Treadmill Crane
30:47 Masonry
30:49 Fortified Wall
31:50 Guilds
32:11 Coinage
32:08 Caravan
32:24 Capped Ram
34:13 Elite Genoese Crossbowman
40:59 Banking
LVA - 厚塔色
7:36 Feudal Age
11:16 Castle Age
9:02 Double-Bit Axe
11:01 Loom
12:06 Bow Saw
16:15 Wheelbarrow
16:42 Town Watch
19:54 Hand Cart
19:48 Gold Mining
19:57 Stone Mining
21:14 Gold Shaft Mining
25:51 Imperial Age
24:13 Husbandry
24:19 Scale Barding Armor
24:51 Forging
26:02 Chain Barding Armor
26:27 Iron Casting
26:15 Caravan
27:35 Plate Barding Armor
26:22 Cavalier
27:24 Conscription
27:10 Chivalry
26:36 Light Cavalry
27:38 Paladin
29:24 Blast Furnace
30:49 Scale Mail Armor
31:33 Masonry
32:26 Chemistry
31:48 Ballistics
34:00 Chain Mail Armor
33:46 Squires
33:32 Arson
33:11 Pikeman
38:07 Coinage
40:40 Halberdier
42:08 Plate Mail Armor
NOYSIBOY
7:43 Feudal Age
11:42 Castle Age
9:47 Double-Bit Axe
9:49 Horse Collar
10:45 Fletching
11:39 Padded Archer Armor
12:32 Bow Saw
16:40 Loom
17:33 Wheelbarrow
20:38 Gold Mining
23:05 Stone Mining
25:54 Heavy Plow
26:52 Loom
27:33 Bodkin Arrow
27:53 Elite Skirmisher
34:18 Imperial Age
32:38 Padded Archer Armor
33:35 Leather Archer Armor
33:43 Hand Cart
33:16 Town Watch
34:34 Gold Shaft Mining
34:49 Ballistics
35:32 Conscription
36:30 Bracer
38:09 Chemistry
37:24 Siege Engineers
37:32 Husbandry
38:55 Silk Armor
38:18 Light Cavalry
39:09 Bloodlines
39:06 Scale Barding Armor
39:13 Forging
39:54 Hussar
41:16 Timurid Siegecraft
44:39 Ring Archer Armor
LVA - coiffeur de bases
7:46 Feudal Age
7:06 Loom
11:45 Castle Age
9:37 Double-Bit Axe
9:52 Horse Collar
11:08 Bow Saw
11:13 Heavy Plow
18:53 Wheelbarrow
19:37 Two-Man Saw
20:02 Hand Cart
19:46 Gold Mining
22:08 Crop Rotation
22:17 Gold Shaft Mining
22:40 Stone Mining
25:50 Imperial Age
23:45 Scale Barding Armor
23:51 Forging
24:20 Stone Shaft Mining
24:55 Chain Barding Armor
24:30 Town Watch
25:13 Burgundian Vineyards
24:49 Cavalier
25:31 Husbandry
27:03 Iron Casting
26:12 Paladin
27:35 Coinage
28:30 Plate Barding Armor
28:56 Blast Furnace
29:42 Conscription
32:36 Chemistry
31:56 Ballistics
33:16 Light Cavalry
36:44 Banking
37:45 Hussar
38:44 Fletching
39:07 Masonry
41:34 Bodkin Arrow
43:35 Bombard Tower
Connection lost

Rejoining the realm…

Still unreachable

The connection could not be restored.

Session expired

The server has moved on; the page needs a fresh start.